 Dungeon Crawl Stone Soup version 0.17-a0-2215-g49c1de0 (console) character file.

3126 endege the Skirmisher (level 9, 0/88 HPs)
             Began as a Troll Fighter on Oct 27, 2015.
             Was a Believer of Makhleb.
             Killed by nerve-wracking pain
             ... invoked by an orc priest
              (8 damage)
             ... on level 7 of the Dungeon.
             The game lasted 00:57:44 (6321 turns).

endege the Skirmisher (Troll Fighter)               Turns: 6321, Time: 00:57:44

Health: 0/88       AC: 10    Str: 26 (27) XL:     9   Next: 61%
Magic:  11/11      EV:  8    Int:  3 (4)  God:    Makhleb [**....]
Gold:   417        SH:  9    Dex:  3 (13) Spells: 1 memorised, 12 levels left

rFire  + + .     SeeInvis +     k - +0 flail (protect)
rCold  . . .     Clarity  .     h - +0 robe
rNeg   + . .     SustAt   .     c - +0 shield
rPois  .         Gourm    +     (helmet restricted)
rElec  .         Spirit   .     (no cloak)
rCorr  .         Warding  .     (gloves unavailable)
rMut   .         Stasis   .     (boots unavailable)
MR     .....                    (no amulet)
Stlth  +.........               E - ring of Minol {rF+ rN+ Dex+2 SInv}
                                v - ring of protection from fire

@: about to teleport, slowed, very slow, not resistant to hostile enchantments,
very unstealthy
A: unfitting armour, claws 3, deterioration 1, fast metabolism 3, gourmand,
regeneration 2, shaggy fur 1, tough skin 2, MP-powered wands
a: Minor Destruction, Renounce Religion


You were on level 7 of the Dungeon.
You worshipped Makhleb.
Makhleb was pleased with you.
You were very full.

You visited 2 branches of the dungeon, and saw 8 of its levels.

You collected 417 gold pieces.


Innate Abilities, Weirdness & Mutations

You are too large for most types of armour.
You have claws for hands.
Your metabolism is lightning-fast.
You like to eat raw meat.
You heal very quickly.
You are covered in fur (AC +1).
You have very tough skin (AC +2).
Your body sometimes deteriorates upon taking damage.
You expend magic power (3 MP) to strengthen your wands.


   Skills:
 + Level 5.6 Fighting
 + Level 3.4 Maces & Flails
 - Level 3.8 Polearms
 + Level 5.5 Dodging
 + Level 5.5 Shields
 - Level 2.5 Spellcasting
 - Level 3.4 Necromancy


You had 12 spell levels left.
You knew the following spells:

 Your Spells              Type           Power        Failure   Level  Hunger
a - Animate Skeleton      Necr           N/A          24%         1    ##.....

Inventory:

Hand Weapons
 a - a +1 trident
 d - a +0 whip of electrocution
 k - a +0 flail of protection (weapon)
 o - a cursed +0 hunting sling
 p - a +0 spear
Missiles
 w - 8 tomahawks
 G - 8 tomahawks of returning (quivered)
Armour
 b - a +0 robe
 c - a +0 shield (worn)
 h - a +0 robe (worn)
 D - a +1 hat
Jewellery
 v - a ring of protection from fire (left claw)
 E - the ring of Minol (right claw) {rF+ rN+ Dex+2 SInv}

   [ring of dexterity]

   It affects your dexterity (+2).
   It protects you from fire.
   It protects you from negative energy.
   It lets you see invisible.
Wands
 n - a wand of fireball (6)
 C - a wand of frost (31)
Scrolls
 j - 7 scrolls of identify {@r1}
 l - 2 scrolls of magic mapping {unknown}
 m - a scroll of amnesia
 r - 2 scrolls of recharging {unknown}
 y - a scroll of remove curse
 z - 5 scrolls of enchant weapon
 B - a scroll of blinking {unknown}
Potions
 g - a potion of haste {unknown}
 i - 3 potions of curing {@q1}
 s - 2 potions of agility
 u - a potion of heal wounds {unknown}
 A - a potion of flight {unknown}
Books
 x - a book of Necromancy

   Spells                             Type                      Level
   a - Pain                           Necromancy                   1
   b - Animate Skeleton               Necromancy                   1
   c - Vampiric Draining              Necromancy                   3
   d - Regeneration                   Charms/Necromancy            3
   e - Animate Dead                   Necromancy                   4
   f - Control Undead                 Necromancy                   4
Comestibles
 e - 8 bread rations
 f - a slice of pizza
 t - 4 fruits
 F - 2 chunks of flesh

Dungeon Overview and Level Annotations

Branches:
Dungeon (7/15)             Temple (1/1) D:4

Altars:
Ashenzari
Cheibriados
Dithmenos
Fedhas
Gozag
Makhleb
Nemelex Xobeh
Okawaru
Sif Muna
Trog
Vehumet
Xom
Zin

Shops:
D:4 ( D:6

[ ▒▒..▒▒ ▒▒▒...▒▒▒▒▒....▒▒ ▒▒..▒
▒▒................ ▒▒Z.▒
▒▒................
▒▒..▒▒▒▒...............▒▒▒
....▒▒▒..................▒▒▒
...▒▒▒.....................▒▒▒
...▒▒.Z.........oo...........▒▒▒▒
...▒.............oO..............
................T.o..............
.........................).......
▒▒...............................
▒...............................
................................
.................................
.................................
........................
...............


You could see an ogre, 2 orc priests, an orc wizard and an orc.


Message History

You block the orc wizard's attack. The orc hits you with a flail.
The orc priest closely misses you.
Your surroundings seem slightly different.
The orc wizard casts a spell.
The orc wizard blinks!
The orc wizard casts a spell.
The orc wizard blinks!
You block the orc's attack.
The orc priest hits you but does no damage. x2
The orc priest calls down the wrath of Beogh upon you.
Something smites you!
The orc priest calls down the wrath of Beogh upon you.
Pain shoots through your body! The ogre hits you with a giant club!!
* * * LOW HITPOINT WARNING * * *
Some of the chunks of flesh in your inventory have rotted away.
Read which item? (? for menu, Esc to quit)
As you read the scroll of teleportation {@r4}, it crumbles to dust.
You feel strangely unstable. The orc priest hits you.
* * * LOW HITPOINT WARNING * * *
The ogre hits you with a giant club!
* * * LOW HITPOINT WARNING * * *
Your body deteriorates!
You feel clumsy. The orc hits you with a flail.
* * * LOW HITPOINT WARNING * * *
The orc priest mumbles some strange prayers to Beogh against you.
You struggle to resist.
The orc wizard casts a spell at you.
You feel as though you will be slow longer.
The orc priest mumbles some strange prayers to Beogh against you.
Pain shoots through your body!
You die...

Action                   |  1- 3 |  4- 6 |  7- 9 || total
-------------------------+-------+-------+-------++-------
Melee: Trident           |   128 |   218 |    40 ||   386
       Flail             |       |       |   359 ||   359
       Whip              |       |       |    46 ||    46
Throw: Tomahawk          |       |     8 |    16 ||    24
 Cast: Animate Skeleton  |       |       |    12 ||    12
  Use: Potion            |       |     7 |     1 ||     8
       Scroll            |       |     7 |     2 ||     9
 Stab: Sleeping          |       |     2 |     1 ||     3
       Distracted        |       |       |     2 ||     2
  Eat: Chunk             |    15 |    16 |    27 ||    58
       Royal jelly       |       |     1 |       ||     1
       Meat ration       |       |       |     2 ||     2

Vault maps used:
D:1:      dpeg_arrival_round_a, minivault_25, hangedman_decor_clover_reticule
D:2:      uniq_robin
D:3:      lemuel_doored_altar
D:4:      minmay_temple_entry_glassed_door, serial_shops, shop, first_bread,
          uniq_pikel, uniq_duvessa, uniq_edmund
D:5:      grunt_dithmenos_smoke
D:6:      nicolae_whirlpool, grunt_temple_overflow_diamond, serial_shops, shop,
          st_stairs_1
D:7:      lightli_bailey_entry_fortress, uniq_prince_ribbit1
Temple:   water_room_temple_a_12

Notes
Turn   | Place    | Note
--------------------------------------------------------------
     0 | D:1      | endege the Troll Fighter began the quest for the Orb.
     0 | D:1      | Reached XP level 1. HP: 22/22 MP: 0/0
   135 | D:1      | Reached XP level 2. HP: 29/29 MP: 1/1
   739 | D:2      | Noticed Robin
   742 | D:2      | Reached XP level 3. HP: 36/36 MP: 2/2
   751 | D:2      | Reached skill level 2 in Polearms
   856 | D:2      | Killed Robin
   949 | D:2      | Reached XP level 4. HP: 44/44 MP: 3/3
   987 | D:2      | Reached skill level 3 in Fighting
  1329 | D:3      | Reached skill level 3 in Shields
  1517 | D:3      | Found a blossoming altar of Fedhas.
  1739 | D:3      | Reached skill level 3 in Dodging
  1739 | D:3      | Reached XP level 5. HP: 37/53 MP: 4/4
  2410 | D:4      | HP: 3/53 [iguana (14)]
  2517 | D:4      | Noticed an ice beast
  2535 | D:4      | Killed an ice beast
  2535 | D:4      | Reached XP level 6. HP: 23/61 MP: 5/5
  2611 | D:4      | Reached skill level 3 in Polearms
  2680 | D:4      | Learned a level 1 spell: Animate Skeleton
  2715 | D:4      | Noticed Duvessa
  2718 | D:4      | Noticed Dowan
  2731 | D:4      | Killed Duvessa
  2734 | D:4      | Killed Dowan
  2734 | D:4      | Reached skill level 4 in Fighting
  2734 | D:4      | Reached XP level 7. HP: 58/70 MP: 6/6
  2922 | D:4      | Reached skill level 4 in Dodging
  3148 | D:4      | Gained mutation: Your body sometimes deteriorates upon taking damage. [mutagenic glow]
  3175 | D:4      | Gained mutation: You expend magic power (3 MP) to strengthen your wands. [mutagenic glow]
  3481 | D:4      | Found a staircase to the Ecumenical Temple.
  3482 | D:4      | Noticed Pikel
  3482 | D:4      | Noticed a slave
  3482 | D:4      | Noticed a slave
  3482 | D:4      | Noticed a slave
  3483 | D:4      | Noticed a slave
  3497 | D:4      | Killed Pikel
  3497 | D:4      | Reached skill level 4 in Shields
  3497 | D:4      | Reached skill level 1 in Spellcasting
  3497 | D:4      | Reached skill level 1 in Necromancy
  3497 | D:4      | Reached XP level 8. HP: 47/79 MP: 6/8
  3523 | Temple   | Entered the Ecumenical Temple
  3548 | Temple   | Became a worshipper of Makhleb the Destroyer
  3565 | D:4      | Your ally Pikel died
  3666 | D:4      | Noticed Edmund
  3709 | D:4      | Killed Edmund
  3825 | D:4      | Found Muptud's Weapon Shoppe.
  3935 | D:4      | Reached skill level 1 in Maces & Flails
  3981 | D:4      | Reached skill level 2 in Necromancy
  4187 | D:5      | Entered Level 5 of the Dungeon
  4620 | D:5      | Reached skill level 5 in Dodging
  4670 | D:5      | Reached * piety under Makhleb
  4697 | D:5      | Found a shadowy altar of Dithmenos.
  4934 | D:6      | Found a sparkling altar of Nemelex Xobeh.
  4937 | D:6      | Found a deep blue altar of Sif Muna.
  4940 | D:6      | Found a shattered altar of Ashenzari.
  4994 | D:6      | Reached skill level 5 in Fighting
  4999 | D:6      | Reached skill level 2 in Maces & Flails
  5075 | D:6      | Reached skill level 5 in Shields
  5110 | D:6      | Reached XP level 9. HP: 85/88 MP: 10/10
  5188 | D:6      | Reached skill level 2 in Spellcasting
  5386 | D:6      | Found Ushaoneth's Antique Armour Boutique.
  5579 | D:6      | Got a warped golden ring
  5596 | D:6      | Identified the ring of Minol {rF+ rN+ Dex+2 SInv} (You found it on level 6 of the Dungeon)
  5708 | D:6      | Reached skill level 3 in Necromancy
  5884 | D:7      | Reached skill level 3 in Maces & Flails
  6070 | D:7      | Noticed Prince Ribbit
  6080 | D:7      | Killed Prince Ribbit
  6083 | D:7      | Reached ** piety under Makhleb
  6268 | D:7      | Your ally Prince Ribbit died
  6320 | D:7      | HP: 7/88 [orc/flail (5)]
  6321 | D:7      | Killed from afar by an orc priest

Vanquished Creatures
  Pikel (D:4)
  A hippogriff (D:7)
  Edmund (D:4)
  2 ice beasts
  Duvessa (D:4)
  A phantom (D:4)
  5 centaurs (D:6)
  2 ogres
  3 giant frogs
  Dowan (D:4)
  A wyvern skeleton (D:6)
  A scorpion (D:5)
  2 quasits
  3 orc wizards
  A giant frog zombie (D:7)
  3 crimson imps
  4 hounds
  2 iguanas
  A jelly (D:5)
  3 giant frog skeletons
  A centaur skeleton (D:4)
  Robin (D:2)
  6 adders
  8 gnolls
  2 adder skeletons
  A worm (D:4)
  8 giant geckos
  19 orcs
  9 goblins
  11 hobgoblins
  2 jackals (D:5)
  2 quokkas
  3 ball pythons
  11 bats
  7 giant cockroaches
  A giant gecko skeleton (D:5)
  5 giant newts
  2 jackal skeletons (D:4)
  9 kobolds
  8 rats
155 creatures vanquished.

Vanquished Creatures (collateral kills)
  Prince Ribbit (D:7)
  An orc warrior (D:7)
  A crimson imp (D:7)
  An orc wizard (D:7)
  A jelly (D:6)
  An orc priest (D:7)
  4 orcs (D:7)
10 creatures vanquished.

Vanquished Creatures (others)
  A sky beast (D:6)
  A giant gecko (D:4)
2 creatures vanquished.

Grand Total: 167 creatures vanquished
